 Dungeon Crawl Stone Soup version 0.30.0-5-g1a98f26d00 (webtiles) character file.

Game seed: 1552959488412173742

127 Irreverend the Chiller (level 5, -2/28 HPs)
             Began as a Gargoyle Ice Elementalist on May 13, 2023.
             Slain by Crazy Yiuf
             ... wielding a +3 quarterstaff of chaos
              (13 damage)
             ... on level 2 of the Dungeon.
             The game lasted 00:06:02 (3131 turns).

Irreverend the Chiller (Gargoyle Ice Elementalist)  Turns: 3131, Time: 00:06:03

Health: -2/28      AC: 13    Str: 12    XL:     5   Next: 11%
Magic:  2/9        EV: 11    Int: 17    God:
Gold:   54         SH:  0    Dex: 10    Spells: 3/10 levels left

rFire   . . .        (no weapon)
rCold   . . .        (no shield)
rNeg    + . .        a - +0 robe
rPois   ∞            (no helmet)
rElec   +            (no cloak)
rCorr   .            (no gloves)
SInv    .            j - +0 pair of boots
Will    .....        (no amulet)
Stlth   ++           (no ring)
HPRegen 0.24/turn    (no ring)
MPRegen 0.11/turn

%: no passive effects
@: ice-armoured, freezing walls
A: sickness immunity, AC +4, negative energy resistance 1, electricity
resistance, torment resistance 1, petrification resistance
a: no special abilities


You were on level 2 of the Dungeon.
You visited 1 branch of the dungeon, and saw 2 of its levels.

You collected 54 gold pieces.

Inventory:

Armour
 a - a +0 robe (worn)
 j - a +0 pair of boots (worn)
Scrolls
 c - a scroll of torment {unknown}
 d - 3 scrolls of enchant armour {unknown}
 e - a scroll of fear {unknown}
 f - 2 scrolls of poison {unknown}
 g - 2 scrolls of teleportation {unknown}
 i - a scroll of vulnerability {unknown}
 k - a scroll of enchant weapon {unknown}
Potions
 b - 2 potions of lignification {unknown}
 h - a potion of curing {unknown}
 l - a potion of attraction {unknown}
 m - a potion of flight {unknown}
 n - 2 potions of cancellation {unknown}
 o - a potion of brilliance {unknown}


   Skills:
 - Level 1.5 Dodging
 - Level 2.1 Stealth
 + Level 3.3 Spellcasting
 * Level 5.4 Ice Magic


You had 3 spell levels left.
You knew the following spells:

 Your Spells              Type           Power      Damage    Failure   Level
a - Freeze                Ice            84%        1d9       1%          1
b - Frozen Ramparts       Ice            42%        1d7       5%          3
c - Ozocubu's Armour      Ice            21%        N/A       5%          3

Your spell library contained the following spells:

 Spells                   Type           Power      Damage    Failure   Level
 Magic Dart               Conj           8%         1d3       17%         1
 Searing Ray              Conj           4%         2d4       26%         2
 Summon Guardian Golem    Hex/Summ       2%         N/A       45%         3
 Summon Ice Beast         Ice/Summ       12%        N/A       50%         4
 Fulminant Prism          Conj/Hex       1%         3d5       86%         4
 Orb of Destruction       Conj           1%         9d5       100%        7
 Spellforged Servitor     Conj/Summ      1%         N/A       100%        7


Dungeon Overview and Level Annotations

Branches:
Dungeon (2/15)

Altars:
Hepliaklqana

Annotations:
D:2 Crazy Yiuf


Innate Abilities, Weirdness & Mutations

You are immune to sickness and miasma.
Your stone body is resilient. (AC +4)
You are immune to poison.
You resist negative energy. (rN+)
You are resistant to electric shocks. (rElec)
You are resistant to unholy torment.
You are immune to petrification.


Message History

a +0 whip; 3 stones; a kobold skeleton You see here a +0 robe.
You see here a +0 whip.
Things that are here:
a +0 flail; a +0 vampiric whip You see here a +0 ring mail.
Crazy Yiuf shouts!
You open the door.
Casting: Ozocubu's Armour (quite dangerous; 5% risk of failure)
Confirm with . or Enter, or press ? or * to list all spells.
Casting: Frozen Ramparts (quite dangerous; 5% risk of failure)
Press: ? - help, Dir - look around, f - activate
Okay, then.
Casting: Frozen Ramparts (quite dangerous; 5% risk of failure)
Confirm with . or Enter, or press ? or * to list all spells.
A film of ice covers your body! Crazy Yiuf closely misses you.
Casting: Ozocubu's Armour (quite dangerous; 5% risk of failure)
Confirm with . or Enter, or press ? or * to list all spells.
Casting: Frozen Ramparts (quite dangerous; 5% risk of failure)
Press: ? - help, Dir - look around, f - activate The walls around you are covered in ice.
The wall freezes Crazy Yiuf.
Crazy Yiuf barely misses you.
The wall freezes Crazy Yiuf but does no damage.
Crazy Yiuf hits you with a +3 quarterstaff of chaos.
Crazy Yiuf freezes you.
The wall freezes Crazy Yiuf.
Crazy Yiuf hits you with a +3 quarterstaff of chaos.
Crazy Yiuf freezes you.
Casting: Frozen Ramparts (quite dangerous; 5% risk of failure)
Confirm with . or Enter, or press ? or * to list all spells.
Aiming: Freeze (safe; 1% risk of failure)
Press: ? - help, Shift-Dir - straight line, f - Crazy Yiuf
Aim: Crazy Yiuf, wielding a +3 quarterstaff of chaos and wearing a +0 cloak (moderately wounded)
You freeze Crazy Yiuf.
Crazy Yiuf is heavily wounded.
The wall freezes Crazy Yiuf!
Crazy Yiuf cries, "You leg down broken song, no?"
Crazy Yiuf hits you with a +3 quarterstaff of chaos.
Space warps horribly around you!
You die...

....#.....#
#.#
....#.....#
#.#
....#######
#.# ....#
##### #.#
#.##########
#..)# #.#
#....[.....#
#...# #.#
######.....#
... #.# ...#
#.....# #g#
#.# ##.#
#.....# ##@#
#.# #.#
#.....# #.##
##########.#
#.# #.....#
##.#
#...........
#.# #.....#
#.##
############
#.# #####.#
##.##
#.#######.#
#...##
#.........#
#....#
########..#
#....# ####
#..###....#


You could see Crazy Yiuf.

Vanquished Creatures
  3 gnolls (D:2)
  5 adders (D:2)
  A dart slug (D:2)
  3 ball pythons
  4 bats
  8 endoplasms
  A giant cockroach (D:1)
  2 goblins (D:2)
  4 hobgoblins (D:1)
  10 jackals (D:1)
  A quokka (D:1)
  3 frilled lizards
  A kobold (D:2)
  3 rats
49 creatures vanquished.

Notes
Turn   | Place    | Note
-------+----------+-------------------------------------------
     0 | D:1      | Irreverend the Gargoyle Ice Elementalist began the quest
                  | for the Orb.
     0 | D:1      | Reached XP level 1. HP: 10/10 MP: 3/3
   231 | D:1      | Reached XP level 2. HP: 12/15 MP: 1/5
   769 | D:1      | Reached XP level 3. HP: 19/19 MP: 3/6
   781 | D:1      | Learned a level 3 spell: Frozen Ramparts
  1431 | D:1      | Found a faded altar of an unknown god.
  1753 | D:2      | Reached XP level 4. HP: 23/24 MP: 3/8
  1758 | D:2      | Reached skill level 5 in Ice Magic
  2007 | D:2      | Found a runed translucent door.
  2008 | D:2      | Noticed Crazy Yiuf
  2372 | D:2      | Learned a level 3 spell: Ozocubu's Armour
  2373 | D:2      | Found a hazy altar of Hepliaklqana.
  2679 | D:2      | Reached XP level 5. HP: 28/28 MP: 5/9
  3131 | D:2      | Slain by Crazy Yiuf

Illustrated notes

Levels and vault maps discovered:
D:1:      shiori_angband_town, layout_basic, ebering_ecumenical_altar_petrified
D:2:      layout_basic, basic_altar, uniq_crazy_yiuf_cottage

Skill      XL: |  1  2  3  4 |
---------------+-------------+-----
Spellcasting   | 3 |  3.3
Ice Magic      | 5 |  5.4
Dodging        | |  1.5
Stealth        | |  2.1

Action                     |  1- 3 |  4- 6 || total
---------------------------+-------+-------++-------
  Melee: Unarmed           |    32 |    18 ||    50
   Cast: Freeze            |    45 |    14 ||    59
         Frozen Ramparts   |     5 |     9 ||    14
         Ozocubu's Armour  |       |     3 ||     3
    Use: Potion            |     1 |       ||     1
 Armour: Robe              |    32 |    24 ||    56
  Dodge: Dodged            |    51 |    30 ||    81
